 Dungeon Crawl Stone Soup version 0.18.1-50-g88ac8fd (webtiles) character file.

28 mopl the Grasshopper (level 3, 0/18 HPs)
             Began as a Vine Stalker Warper on May 17, 2017.
             Slain by a worm (4 damage)
             ... on level 2 of the Dungeon.
             The game lasted 00:02:14 (788 turns).

mopl the Grasshopper (Vine Stalker Warper)           Turns: 788, Time: 00:02:14

Health: 0/18       AC:  3    Str: 13    XL:     3   Next: 14%
Magic:  0/7        EV: 11    Int: 13    God:
Gold:   99         SH:  0    Dex: 14    Spells: 2 memorised, 3 levels left

rFire  . . .     SeeInvis .     a - +0 falchion
rCold  . . .     Gourm    .     b - +0 leather armour
rNeg   . . .     Faith    .     (no shield)
rPois  .         Spirit   +     (no helmet)
rElec  .         Dismiss  .     (no cloak)
rCorr  .         Reflect  .     (no gloves)
SustAt .         Harm     .     (no boots)
MR     .....     Rnd*Tele +     (no amulet)
Stlth  +.........               (no ring)
                                h - ring of teleportation (curse)

@: not resistant to hostile enchantments, very unstealthy
A: fangs 2, regeneration 1, magic shield, antimagic bite, no device heal 3, rot
immunity
a: no special abilities


You were on level 2 of the Dungeon.
You were not hungry.

You visited 1 branch of the dungeon, and saw 2 of its levels.

You collected 99 gold pieces.

Inventory:

Hand Weapons
 a - a +0 falchion (weapon)
Missiles
 e - 5 tomahawks of dispersal (quivered)
Armour
 b - a +0 leather armour (worn)
Jewellery
 h - a cursed ring of teleportation (left hand)
Wands
 k - a wand of heal wounds (1/9)
Scrolls
 d - a scroll of blinking
 i - 3 scrolls of amnesia {unknown}
 j - a scroll of random uselessness {unknown}
 l - a scroll of enchant weapon {unknown}
 m - a scroll of identify {unknown}
Potions
 g - 2 potions of berserk rage {unknown}
 o - a potion of haste {unknown}
Books
 c - a book of Spatial Translocations

   Spells                             Type                      Level
   a - Apportation                    Translocation                1
   b - Blink                          Translocation                2
   c - Shroud of Golubria             Charms/Translocation         2
   d - Portal Projectile              Translocation                3
   e - Teleport Other                 Translocation                3
   f - Passage of Golubria            Translocation                4
Comestibles
 f - 2 bread rations
 n - 3 chunks of flesh


   Skills:
 - Level 1.7 Fighting
 + Level 3.0 Long Blades
 - Level 0.8 Throwing
 - Level 0.7 Armour
 - Level 1.5 Dodging
 - Level 2.1 Spellcasting
 - Level 3.0 Translocations
 + Level 0.5 Evocations


You had 3 spell levels left.
You knew the following spells:

 Your Spells              Type           Power        Failure   Level  Hunger
a - Apportation           Tloc           #.........   12%         1    ##.....
e - Blink                 Tloc           N/A          14%         2    ###....


Dungeon Overview and Level Annotations

Branches:
Dungeon (2/15)

Altars:
Sif Muna


Innate Abilities, Weirdness & Mutations

You have extremely sharp teeth.
Your natural rate of healing is unusually fast.
When hurt, damage is shared between your health and your magic reserves.
Your bite disrupts and absorbs the magic of your enemies.
Potions and wands cannot restore your health.
You are immune to rotting.


Message History

The worm is almost dead.
You barely miss the worm. You bite the worm. You drain its power.
You feel invigorated.
The worm is almost dead.
The worm barely misses you. The kobold hits you with a dagger.
There is an open door here.
You barely miss the kobold. The kobold barely misses you.
You hit the kobold.
You kill the kobold!
You barely miss the worm. Your bite misses the worm.
The worm is severely wounded.
The worm bites you.
* * * LOW HITPOINT WARNING * * *
You hit the worm.
The worm is almost dead.
You barely miss the worm. You bite the worm. You drain its power.
You feel invigorated.
The worm is almost dead.
The worm bites you!
You die...

#...........#
########...........#
........#...........#
........#..........[#
........#...........#
........#...........#
........#...........#
........#...........##
........w@..........>#
........####....####†#
!.......# #....# #.#
.<......# #..... #.#
........# #..### #.#
........# #.. #.#
####+#### #.# #####
#.# ....# #.#


You could see a worm.

Vanquished Creatures
  A dart slug (D:1)
  A giant gecko (D:2)
  A ball python (D:2)
  3 bats (D:1)
  A giant cockroach (D:1)
  2 goblins
  3 hobgoblins
  6 kobolds
  A quokka (D:2)
  3 giant newts
  2 rats (D:1)
24 creatures vanquished.

Vanquished Creatures (others)
  5 toadstools (D:1)
5 creatures vanquished.

Grand Total: 29 creatures vanquished

Notes
Turn   | Place    | Note
--------------------------------------------------------------
     0 | D:1      | mopl the Vine Stalker Warper began the quest for the Orb.
     0 | D:1      | Reached XP level 1. HP: 11/11 MP: 4/4
    20 | D:1      | Reached skill level 2 in Long Blades
   152 | D:1      | Reached XP level 2. HP: 15/15 MP: 4/6
   161 | D:1      | Learned a level 2 spell: Blink
   681 | D:2      | Found a deep blue altar of Sif Muna.
   709 | D:2      | Reached skill level 3 in Long Blades
   747 | D:2      | Reached XP level 3. HP: 7/18 MP: 2/7
   788 | D:2      | Slain by a worm

Skill      XL: |  1  2 |
---------------+-------+-----
Long Blades    | 2 3 |  3.0
Fighting       | |  1.7
Throwing       | |  0.8
Armour         | |  0.7
Dodging        | |  1.5
Spellcasting   | |  2.1
Translocations | |  3.0
Evocations     | |  0.5

Action                   || total
-------------------------++-------
Melee: Falchion          ||    73
       Bite              ||    15
 Stab: Sleeping          ||     1
Armor: Leather armour    ||    22
Dodge: Dodged            ||    38
